 Dungeon Sprint DCSS version 0.23.2-33-g5129a83184 (webtiles) character file.

Game seed: 2549196880104548250

49765 Groucho the Tortoise (level 14, -9/113 HPs)
             Began as a Halfling Wanderer on July 16, 2019.
             Was the Champion of Qazlal.
             Killed by the air
             ... invoked by a wind drake
              (19 damage)
             ... in the Dungeon (Sprint V: "Ziggurat Sprint").
             The game lasted 00:20:43 (4192 turns).

Groucho the Tortoise (Halfling Wanderer)            Turns: 4192, Time: 00:20:43

Health: -9/113     AC: 38    Str: 27    XL:     14   Next: 93%
Magic:  16/27      EV:  5    Int: 11    God:    Qazlal [******]
Gold:   14         SH: 45    Dex: 19    Spells: 13/13 levels left

rFire    + . .     SeeInvis .   v - +6 shillelagh "Devastator" {shatter}
rCold    + . .     Gourm    .   u - +18 shield of the Gong {rElec rN+ MR+ EV-5}
rNeg     + . .     Faith    .   t - +15 Maxwell's patent armour {-Cast -Tele rElec MR+ rCorr}
rPois    .         Spirit   .   D - +1 helmet {Int+3}
rElec    +         Reflect  +   R - scarf {rC+ rF+}
rCorr    +         Harm     .   (no gloves)
MR       +++..     NoTele   +   J - +0 pair of boots {Fly} Stlth ..........NoCast +
                                X - +2 amulet of reflection
HPRegen  0.28/turn              A - +6 ring of strength
MPRegen  0.20/turn              B - +6 ring of strength

@: protected from electricity, flying, studying 2 skills, repel missiles
A: small, mutation resistance 1
a: Upheaval, Elemental Force, Disaster Area, Renounce Religion


You were in the Dungeon.
You worshipped Qazlal.
Qazlal was exalted by your worship.
You were not hungry.

You visited 1 branch You collected 14 gold pieces.

Inventory:

Hand Weapons
 v - the +6 shillelagh "Devastator" (weapon) {shatter}
   (You found it in the Dungeon)
 E - a +5 fustibalus of freezing
 M - a +1 demon whip of venom
 P - a +2 eveningstar of protection
Missiles
 F - 993 sling bullets
Armour
 t - the +15 Maxwell's patent armour (worn) {-Cast -Tele rElec MR+ rCorr}
   (You found it in the Dungeon)

   It insulates you from electricity.
   It affects your resistance to hostile enchantments.
   It prevents spellcasting.
   It prevents most forms of teleportation.
   It provides partial protection from all sources of acid and corrosion.
 u - the +18 shield of the Gong (worn) {rElec rN+ MR+ EV-5}
   (You found it in the Dungeon)

   It affects your evasion (-5).
   It insulates you from electricity.
   It protects you from negative energy.
   It affects your resistance to hostile enchantments.
 C - +5 gold dragon scales
 D - a +1 helmet of intelligence (worn)
 J - a +0 pair of boots of flying (worn)
 R - a scarf of resistance (worn)
Jewellery
 x - a +6 ring of dexterity
 A - a +6 ring of strength (left hand)
 B - a +6 ring of strength (right hand)
 G - an uncursed ring of see invisible
 K - the amulet of Vitality {Regen+ HP+15}
   (You found it in the Dungeon)

   [amulet of regeneration]

   It affects your health (+15).
   It increases your rate of regeneration.
 N - an uncursed ring of resist corrosion
 Q - an uncursed ring of ice
 S - the ring of Pooheg {rF+ Str+5}
   (You found it in the Dungeon)

   [ring of protection from fire]

   It affects your strength (+5).
   It protects you from fire.
 T - the ring of Ocwoufae {-Tele rPois rF++ Dex+4}
   (You found it in the Dungeon)

   [ring of dexterity]

   It affects your dexterity (+4).
   It greatly protects you from fire.
   It protects you from poison.
   It prevents most forms of teleportation.
 U - the ring "Wuod" {+Fly rC+ Int+5}
   (You found it in the Dungeon)

   [ring of protection from cold]

   It affects your intelligence (+5).
   It protects you from cold.
   It lets you fly.
 X - a +2 amulet of reflection (around neck)
 Y - an uncursed ring of ice
Wands
 w - a wand of disintegration (6)
 y - a wand of iceblast (5)
 z - a wand of acid (5)
Scrolls
 l - 4 scrolls of blinking
 n - 4 scrolls of amnesia
 o - 7 scrolls of fog
 p - a scroll of holy word
 q - 5 scrolls of identify
 r - 5 scrolls of remove curse
 s - 2 scrolls of fear
 V - 5 scrolls of brand weapon
Potions
 a - 2 potions of brilliance
 b - 2 potions of invisibility
 c - 4 potions of resistance
 d - a potion of experience
 e - 9 potions of agility
 g - 9 potions of curing
 h - 12 potions of heal wounds
 i - 10 potions of haste
 j - 4 potions of magic
 k - 3 potions of berserk rage
 m - 7 potions of might
 H - a potion of degeneration {unknown}
 I - a potion of flight {unknown}
Books
 O - a manual of Short Blades
 W - a manual of Stealth
Miscellaneous
 L - a phantom mirror
 Z - a fan of gales
Comestibles
 f - 4 rations


   Skills:
 * Level 16.4 Fighting
 * Level 13.5 Maces & Flails
 - Level 14.0 Slings
   Level 2.1 Bows
 * Level 18.8 Armour
 - Level 2.1 Stealth
 * Level 18.7 Shields
 * Level 18.7 Invocations


You had 13 spell levels left.
You didn't know any spells.
Your spell library contained the following spells:

 Spells                   Type           Power        Failure   Level  Hunger
 Animate Skeleton         Necr           N/A          91%         1    ##.....
 Apportation              Tloc           #.....       91%         1    ##.....
 Flame Tongue             Conj/Fire      #....        91%         1    ##.....
 Freeze                   Ice            #...         91%         1    ##.....
 Magic Dart               Conj           #...         91%         1    ##.....
 Pain                     Necr           #...         91%         1    ##.....
 Sandblast                Erth           #.....       91%         1    ##.....
 Corpse Rot               Necr           N/A          97%         2    ###....
 Passwall                 Tmut/Erth      #.......     97%         2    ###....
 Searing Ray              Conj           #.....       97%         2    ###....
 Sublimation of Blood     Necr           #.........   97%         2    ###....
 Throw Flame              Conj/Fire      #.....       97%         2    ###....
 Throw Frost              Conj/Ice       #.....       97%         2    ###....
 Conjure Flame            Conj/Fire      #.......     100%        3    ####...
 Dazzling Spray           Conj/Hex       #.....       100%        3    ####...
 Gell's Gravitas          Tloc           #.........   100%        3    ####...
 Inner Flame              Hex/Fire       #.......     100%        3    ####...
 Mephitic Cloud           Conj/Pois/Air  #.......     100%        3    ####...
 Portal Projectile        Hex/Tloc       #.....       100%        3    ####...
 Recall                   Summ/Tloc      N/A          100%        3    ####...
 Regeneration             Chrm/Necr      #.........   100%        3    ####...
 Static Discharge         Conj/Air       #.......     100%        3    ####...
 Stone Arrow              Conj/Erth      #.....       100%        3    ####...
 Vampiric Draining        Necr           #.........   100%        3    ####...
 Animate Dead             Necr           N/A          100%        4    #####..
 Force Lance              Conj/Tloc      #.......     100%        4    #####..
 Fulminant Prism          Conj/Hex       #.........   100%        4    #####..
 Ice Form                 Ice/Tmut       #.......     100%        4    #####..
 Iskenderun's Mystic Bla  Conj           #.......     100%        4    #####..
 Leda's Liquefaction      Hex/Erth       #.........   100%        4    #####..
 Passage of Golubria      Tloc           N/A          100%        4    #####..
 Sticky Flame             Conj/Fire      #.......     100%        4    #####..
 Summon Ice Beast         Ice/Summ       #.......     100%        4    #####..
 Agony                    Necr           #.......     100%        5    ######.
 Bolt of Draining         Conj/Necr      #.........   100%        5    ######.
 Bolt of Magma            Conj/Fire/Erth #.........   100%        5    ######.
 Borgnjor's Vile Clutch   Necr/Erth      #.........   100%        5    ######.
 Dispel Undead            Necr           #.......     100%        5    ######.
 Excruciating Wounds      Chrm/Necr      #.........   100%        5    ######.
 Fireball                 Conj/Fire      #.........   100%        5    ######.
 Irradiate                Conj/Tmut      #.........   100%        5    ######.
 Iskenderun's Battlesphe  Conj/Chrm      #.......     100%        5    ######.
 Lightning Bolt           Conj/Air       #.........   100%        5    ######.
 Silence                  Hex/Air        #.........   100%        5    ######.
 Summon Forest            Summ/Tloc      #.........   100%        5    ######.
 Venom Bolt               Conj/Pois      #.........   100%        5    ######.
 Death Channel            Necr           #.........   100%        6    #######
 Dispersal                Tloc           #.........   100%        6    #######
 Hydra Form               Tmut           #.........   100%        6    #######
 Iron Shot                Conj/Erth      #.........   100%        6    #######
 Simulacrum               Ice/Necr       #.........   100%        6    #######
 Statue Form              Tmut/Erth      #........    100%        6    #######
 Dragon Form              Tmut           #.........   100%        7    #######
 Malign Gateway           Summ/Tloc      #.........   100%        7    #######
 Orb of Destruction       Conj           #.........   100%        7    #######
 Spellforged Servitor     Conj/Summ      #.........   100%        7    #######
 Summon Hydra             Summ           #.........   100%        7    #######
 Controlled Blink         Tloc           N/A          100%        8    #######
 Disjunction              Tloc           #.........   100%        8    #######
 Ignition                 Fire           #.........   100%        8    #######
 Shatter                  Erth           #.........   100%        9    #######
 Tornado                  Air            #.........   100%        9    #######


Dungeon Overview and Level Annotations

Branches:
Dungeon (1/1)

Altars:
Ashenzari
Cheibriados
Dithmenos
Elyvilon
Fedhas
Gozag
Hepliaklqana
Kikubaaqudgha
Makhleb
Nemelex Xobeh
Okawaru
Qazlal
Ru
Sif Muna
Trog
Uskayaw
Vehumet
Wu Jian
Xom
Yredelemnul
Zin
The Shining One
Beogh
Jiyva
Lugonu


Innate Abilities, Weirdness & Mutations

You are small and have problems with some larger weapons.
You are somewhat resistant to further mutation.


Message History

You block the air elemental's attack.
PTOANNNG!
The wind drake flaps its wings at you.
The air twists around and violently strikes you in flight!
* * * LOW HITPOINT WARNING * * *
The storm dragon breathes lightning at you.
The bolt of lightning misses the insubstantial wisp.
The bolt of lightning misses the air elemental.
The bolt of lightning hits you! You resist.
You feel more protected from electricity.
* * * LOW HITPOINT WARNING * * *
The storm dragon breathes lightning at you.
The bolt of lightning hits you! You resist.
* * * LOW HITPOINT WARNING * * *
The spriggan air mage waves its arms in wide circles.
The air twists around and violently strikes you in flight!
* * * LOW HITPOINT WARNING * * *
The wind drake flaps its wings at you.
The air twists around and violently strikes you in flight!
You die...

▓▓▓▓▓▓▓▓▓▓▓▓▓▓▓...........
....8©8.....▓...........
)}[=§§.§§)..▓.....).....
▓..[)[§i§§::..▓...........
▓....D§§§v§≈..▓..▓.)...▓..
▓.≈○§D§§§k§...▓.▓.▓.[.▓.▓.
▓..§Dv§§D§§.≈.▓..▓.....▓..
▓...§§○§§○§§..▓.....©.....
▓...§§§§E@§§≈.▓▓▓▓▓▓▓▓▓▓▓▓
▓..§§§§§E§§§..▓...8©8...▓.
▓...§§§§§§§§≈≈▓....[))).▓.
▓..§k§§§§§§§§.▓..)|.}...▓.
▓...§§§§§°§§§§▓.........▓.
▓....§§§§§§§§.▓.........▓.
▓▓▓▓▓▓▓▓▓▓▓▓▓▓▓.....†...▓.
▓.........▓. ▓..▓†..▓..▓.


You could see 4 storm dragons, 2 wind drakes, a spriggan air mage, 2 air
elementals and 2 insubstantial wisps.

Vanquished Creatures
  2 greater mummies (D)
  2 liches (D)
  A tentacled starspawn (D)
  2 storm dragons (D)
  Aizul (D)
  A balrug (D)
  3 reapers (D)
  2 very ugly things (D)
  2 vampire knights (D)
  2 mummy priests (D)
  Josephine (D)
  Harold (D)
  2 spriggan air magi (D)
  A catoblepas (shapeshifter) (D)
  A dancing weapon (D)
  3 hell hogs (D)
  A vampire mage (D)
  A thrashing horror (D)
  Urug (D)
  An iron golem (D)
  2 skeletal warriors (D)
  A wretched star (D)
  A flayed ghost (D)
  A deep elf archer (D)
  Pikel (D)
  A deep elf mage (D)
  A faun (shapeshifter) (D)
  Maurice (D)
  3 ugly things (D)
  2 rust devils (D)
  Psyche (D)
  A freezing wraith (D)
  3 hellions (D)
  A tormentor (D)
  An efreet (D)
  An ice devil (D)
  A troll (shapeshifter) (D)
  5 guardian mummies (D)
  2 wind drakes (D)
  A blink frog (shapeshifter) (D)
  A snapping turtle (shapeshifter) (D)
  An air elemental (D)
  5 shadows (D)
  2 wraiths (D)
  2 flying skulls (D)
  A vampire (D)
  2 yaks (D)
  Sigmund (D)
  2 fire elementals (D)
  A golden eye (D)
  A large abomination (D)
  Grum (D)
  2 neqoxecs (D)
  2 insubstantial wisps (D)
  Duvessa (D)
  A floating eye (D)
  An orc warrior (D)
  2 hell hounds (D)
  2 phantoms (D)
  A necrophage (D)
  Blork the orc (D)
  Dowan (D)
  3 wights (D)
  2 quasits (D)
  5 orc priests (D)
  Crazy Yiuf (D)
  A jelly (D)
  2 orc wizards (D)
  4 iron imps (D)
  Jessica (D)
  A small abomination (D)
  3 mummies (D)
  A shadow imp (D)
  2 white imps (D)
  3 ufetubi (D)
  3 oozes (D)
  4 adder zombies (D)
  An adder skeleton (D)
  4 orcs (D)
  2 bat skeletons (D)
  3 bat zombies (D)
  2 jackals (D)
  2 giant cockroach zombies (D)
  A leopard gecko skeleton (D)
  3 quokka skeletons (D)
  A quokka zombie (D)
  3 fire vortices (D)
  2 starspawn tentacles (D)
156 creatures vanquished.

Notes
Turn   | Place    | Note
-------+----------+-------------------------------------------
     0 | D        | Found the +6 Majin-Bo {vamp, Archmagi MP+6 Int+6}
     0 | D        | Found the +7 great mace "Firestarter" {inner flame, rF++}
     0 | D        | Groucho the Halfling Wanderer began the quest for the Orb.
     0 | D        | Groucho set off with the following items: a +2 shortbow, 21
                  | arrows, a scroll of teleportation, a +0 ring mail, a +0
                  | dagger, a ration, a potion of curing, a potion of heal
                  | wounds, a potion of haste, 2 potions of magic, a potion of
                  | berserk rage, a scroll of blinking
     0 | D        | Reached XP level 1. HP: 16/16 MP: 1/1
    10 | D        | Found a deep blue altar of Sif Muna.
    10 | D        | Found a bloodstained altar of Trog.
    10 | D        | Found a sacrificial altar of Ru.
    10 | D        | Found a stormy altar of Qazlal.
    10 | D        | Found an iron altar of Okawaru.
    11 | D        | Found a sparkling altar of Nemelex Xobeh.
    11 | D        | Found a blossoming altar of Fedhas.
    13 | D        | Found a transporter.
    13 | D        | Found an ancient bone altar of Kikubaaqudgha.
    13 | D        | Found a viscous altar of Jiyva.
    13 | D        | Found a corrupted altar of Lugonu.
    13 | D        | Found a hazy altar of Hepliaklqana.
    13 | D        | Found a burning altar of Makhleb.
    13 | D        | Found an opulent altar of Gozag.
    24 | D        | Found the +9 heavy crossbow "Sniper" {velocity, Acc+∞ SInv}
    24 | D        | Found the +10 dark maul {crush}
    24 | D        | Found the +15 Maxwell's patent armour {-Cast -Tele rElec
                  | MR+ rCorr}
    24 | D        | Found the +18 shield of the Gong {rElec rN+ MR+ EV-5}
    24 | D        | Found the cursed +14 obsidian axe {chop, +Fly SInv *Curse}
    26 | D        | Found the +6 shillelagh "Devastator" {shatter}
    26 | D        | Found the +11 plutonium sword {*Contam Stlth-}
    26 | D        | Found the +8 lance "Wyrmbane" {slay drac, rPois rF+ rC+
                  | AC+3}
    26 | D        | Found the +9 sword of Zonguldrok {reap}
    26 | D        | Found the cursed +13 scythe of Curses {drain, *Curse}
    26 | D        | Found the +0 sword of Power
    26 | D        | Found the +7 mace of Variability {chain chaos}
    26 | D        | Found the +7 Singing Sword {slice, sonic wave}
    26 | D        | Found the +7 longbow "Piercer" {penet, EV-2}
    44 | D        | Became a worshipper of Qazlal Stormbringer
    83 | D        | Entered arena 2.
    83 | D        | Found a transporter.
    85 | D        | Reached skill level 1 in Slings
    89 | D        | Reached skill level 1 in Shields
    89 | D        | Reached skill level 1 in Invocations
    89 | D        | Reached XP level 2. HP: 21/21 MP: 1/3
   214 | D        | Entered arena 3.
   214 | D        | Noticed a deep elf archer
   214 | D        | Noticed a +0 war axe of freezing
   214 | D        | Noticed a deep elf mage
   214 | D        | Found a transporter.
   219 | D        | Killed a +0 war axe of freezing
   219 | D        | Reached * piety under Qazlal
   219 | D        | Reached XP level 3. HP: 32/32 MP: 4/8
   219 | D        | Reached XP level 4. HP: 38/38 MP: 4/9
   219 | D        | Reached XP level 5. HP: 43/43 MP: 4/10
   219 | D        | Reached XP level 6. HP: 49/49 MP: 4/11
   219 | D        | Reached XP level 7. HP: 54/54 MP: 4/12
   221 | D        | Killed a deep elf mage
   221 | D        | Reached XP level 8. HP: 61/61 MP: 4/14
   226 | D        | Killed a deep elf archer
   226 | D        | Reached ** piety under Qazlal
   226 | D        | Reached XP level 9. HP: 67/67 MP: 5/16
   464 | D        | Entered arena 4.
   464 | D        | Noticed a hell hog
   464 | D        | Found a transporter.
   471 | D        | Killed a hell hog
   471 | D        | Reached skill level 10 in Armour
   471 | D        | Reached skill level 10 in Shields
   471 | D        | Reached skill level 10 in Invocations
   681 | D        | Entered arena 5.
   681 | D        | Found a transporter.
   682 | D        | Reached *** piety under Qazlal
   861 | D        | Entered arena 6.
   861 | D        | Found a transporter.
   865 | D        | Reached **** piety under Qazlal
  1107 | D        | Entered arena 7.
  1107 | D        | Noticed Sigmund
  1107 | D        | Noticed Jessica
  1107 | D        | Noticed Blork the orc
  1107 | D        | Noticed Crazy Yiuf
  1107 | D        | Noticed Dowan
  1107 | D        | Noticed Duvessa
  1108 | D        | Killed Dowan
  1110 | D        | Killed Sigmund
  1110 | D        | Reached skill level 1 in Maces & Flails
  1110 | D        | Killed Blork the orc
  1110 | D        | Reached XP level 10. HP: 75/75 MP: 8/18
  1112 | D        | Killed Jessica
  1112 | D        | Killed Crazy Yiuf
  1113 | D        | Killed Duvessa
  1433 | D        | Found a transporter.
  1456 | D        | Entered arena 8.
  1456 | D        | Paralysed by a floating eye for 2 turns
  1458 | D        | Reached ***** piety under Qazlal
  1460 | D        | Found a transporter.
  1733 | D        | Entered arena 9.
  1734 | D        | Found the amulet of Vitality {Regen+ HP+15}
  1734 | D        | Identified the cursed +1 glaive of Rueref {drain, *Corrode
                  | rPois rN++}
  1734 | D        | Found a transporter.
  1740 | D        | Reached skill level 10 in Fighting
  1916 | D        | Entered arena 10.
  1926 | D        | Found a transporter.
  2336 | D        | Entered arena 11.
  2336 | D        | Noticed an efreet
  2336 | D        | Noticed a hell hog
  2337 | D        | Found the +9 staff of Wucad Mu {channel}
  2338 | D        | Reached ****** piety under Qazlal
  2344 | D        | Killed a hell hog
  2347 | D        | Killed an efreet
  2349 | D        | Found a transporter.
  2587 | D        | Entered arena 12.
  2587 | D        | Noticed Aizul
  2587 | D        | Noticed Maurice
  2587 | D        | Noticed Josephine
  2587 | D        | Noticed Pikel
  2587 | D        | Noticed Harold
  2587 | D        | Noticed Grum
  2587 | D        | Noticed Urug
  2588 | D        | Noticed Psyche
  2589 | D        | Killed Pikel
  2589 | D        | Reached XP level 11. HP: 82/82 MP: 20/20
  2589 | D        | Killed Grum
  2590 | D        | Killed Josephine
  2592 | D        | Killed Maurice
  2592 | D        | Killed Psyche
  2596 | D        | Killed Harold
  2596 | D        | Reached skill level 5 in Maces & Flails
  2598 | D        | Killed Aizul
  2599 | D        | Found a transporter.
  2601 | D        | Killed Urug
  2784 | D        | Entered arena 13.
  2784 | D        | Noticed a white very ugly thing
  2784 | D        | Noticed a brown ugly thing
  2784 | D        | Noticed a red ugly thing
  2784 | D        | Noticed a cyan very ugly thing
  2784 | D        | Noticed a green ugly thing
  2785 | D        | Noticed a cyclops
  2786 | D        | Noticed a queen ant
  2787 | D        | Noticed an elephant
  2787 | D        | a yaktaur changed into an elephant
  2788 | D        | Killed a brown ugly thing
  2789 | D        | Killed a green ugly thing
  2789 | D        | Noticed a faun
  2789 | D        | a cyclops changed into a faun
  2790 | D        | Noticed an anaconda
  2790 | D        | a faun changed into an anaconda
  2791 | D        | an anaconda changed into a torpor snail
  2793 | D        | Killed a red ugly thing
  2793 | D        | Reached XP level 12. HP: 92/92 MP: 6/22
  2794 | D        | Noticed an azure jelly
  2794 | D        | a queen ant changed into an azure jelly
  2796 | D        | Killed a cyan very ugly thing
  2798 | D        | Noticed a dire elephant
  2798 | D        | an azure jelly changed into a dire elephant
  2799 | D        | Killed a white very ugly thing
  2805 | D        | Noticed a catoblepas
  2805 | D        | a dire elephant changed into a catoblepas
  2809 | D        | Killed a catoblepas
  2815 | D        | Found a transporter.
  2833 | D        | Got Sif Muna's Compendium of Air
  2836 | D        | Got the Almanac of Orientation
  2951 | D        | Entered arena 14.
  2951 | D        | Noticed a reaper
  2951 | D        | Noticed a flayed ghost
  2957 | D        | Noticed a balrug
  2958 | D        | Killed a reaper
  2958 | D        | Reached skill level 15 in Armour
  2958 | D        | Killed a flayed ghost
  2958 | D        | Reached skill level 15 in Shields
  2958 | D        | Reached skill level 15 in Invocations
  2966 | D        | Killed a balrug
  3294 | D        | Found a transporter.
  3312 | D        | Got the ring of Pooheg {rF+ Str+5}
  3317 | D        | Got the Almanac of the Frostbite
  3350 | D        | Entered arena 15.
  3350 | D        | Noticed a thrashing horror
  3350 | D        | Noticed a hell hog
  3351 | D        | Noticed a wretched star
  3352 | D        | Killed a hell hog
  3352 | D        | Reached XP level 13. HP: 90/99 MP: 24/24
  3352 | D        | Noticed a tentacled starspawn
  3356 | D        | Killed a tentacled starspawn
  3359 | D        | Reached skill level 10 in Maces & Flails
  3361 | D        | Found a transporter.
  3374 | D        | Got the ring of Ocwoufae {-Tele rPois rF++ Dex+4}
  3378 | D        | Got the ring "Wuod" {+Fly rC+ Int+5}
  3510 | D        | Entered arena 16.
  3510 | D        | Noticed a lich
  3511 | D        | Noticed a greater mummy
  3511 | D        | Identified the +10 hand axe of Spite {pain, Dex+6}
  3511 | D        | Noticed a mummy priest
  3511 | D        | Identified the cursed +3 executioner's axe "Goblinbane"
                  | {chop, Str+2}
  3511 | D        | Noticed a mummy priest
  3511 | D        | Noticed a greater mummy
  3511 | D        | Identified the ring "Roxauczo" {Fire Str+3 Dex-4 Slay+2}
  3512 | D        | Found the +27 Lear's hauberk
  3514 | D        | Killed a mummy priest
  3515 | D        | Killed a lich
  3516 | D        | Killed a mummy priest
  3526 | D        | Noticed an emperor scorpion
  3526 | D        | Noticed an emperor scorpion
  3529 | D        | Killed a greater mummy
  3534 | D        | Killed a greater mummy
  3534 | D        | Reached skill level 15 in Fighting
  3534 | D        | Reached XP level 14. HP: 62/110 MP: 26/26
  3555 | D        | Found a transporter.
  3815 | D        | Got the cursed ring of Zoohuel {-Tele AC-3 Str+4 Stlth+}
  3932 | D        | Entered arena 17.
  3938 | D        | Noticed a lich
  3940 | D        | Noticed a vampire knight
  3941 | D        | Identified the +2 fustibalus of Puhom {freeze, Str+3}
  3941 | D        | Noticed a vampire knight
  3943 | D        | Killed a vampire knight
  3943 | D        | Killed a lich
  3946 | D        | Killed a vampire knight
  3954 | D        | Found a transporter.
  3983 | D        | Got Sif Muna's Handbook of the Earthen Blaze
  3992 | D        | Entered arena 18.
  3994 | D        | Noticed a reaper
  3996 | D        | Noticed a reaper
  3996 | D        | Identified the +3 glaive of Action {flame, +Inv +Fly MR+++
                  | Str-5}
  3996 | D        | Identified the +14 chain mail of the Morning Star {rCorr
                  | Int+3}
  3999 | D        | Killed a reaper
  3999 | D        | Killed a reaper
  4009 | D        | Found the +12 glaive of Prune {chop}
  4153 | D        | Found a transporter.
  4187 | D        | Entered arena 19.
  4189 | D        | Noticed a storm dragon
  4190 | D        | Noticed a storm dragon
  4190 | D        | Noticed a storm dragon
  4190 | D        | Noticed a storm dragon
  4190 | D        | Noticed a storm dragon
  4190 | D        | Identified the +5 rapier of the Penguin {pierce, rC++
                  | Int+4}
  4190 | D        | Noticed a storm dragon
  4191 | D        | Identified the amulet of Hytico {Gourm -Tele rF+ rN++
                  | Str-3}
  4191 | D        | Killed a storm dragon
  4192 | D        | Killed a storm dragon
  4192 | D        | Found a transporter.
  4192 | D        | Killed from afar by a wind drake

Skill      XL: |  1  2  3  4  5  6  7  8  9 10 11 12 13 14 |
---------------+-------------------------------------------+-----
Slings         | 2 9 11 13 14 | 14.0
Armour         | 3 8 9 10 12 14 15 17 18 | 18.8
Shields        | 1 7 8 9 10 12 13 15 17 18 | 18.7
Invocations    | 1 7 8 9 10 12 13 15 17 18 | 18.7
Fighting       | 7 8 9 10 12 13 15 16 | 16.4
Maces & Flails | 1 2 6 9 11 13 | 13.5
Bows           | |  2.1
Stealth        | |  2.1

Action                   |  1- 3 |  4- 6 |  7- 9 | 10-12 | 13-15 || total
-------------------------+-------+-------+-------+-------+-------++-------
Melee: Shillelagh        |     9 |       |    12 |    21 |    42 ||    84
 Fire: Fustibalus        |       |       |       |    27 |     6 ||    33
Invok: Upheaval          |       |       |    11 |    28 |     4 ||    43
       Disaster Area     |       |       |       |     2 |     9 ||    11
Evoke: Wand              |     2 |       |     3 |       |       ||     5
       Phantom mirror    |       |       |       |       |     1 ||     1
  Use: Potion            |       |       |       |     7 |     7 ||    14
       Scroll            |       |       |       |     1 |       ||     1
  Eat: Ration            |       |       |       |     2 |     1 ||     3
Armor: Plate armour      |     4 |       |       |     5 |    22 ||    31
Dodge: Dodged            |       |       |       |       |     3 ||     3
       Deflected         |       |       |       |       |     1 ||     1
Block: Shield            |    12 |       |    17 |    49 |    76 ||   154
